 Dungeon Crawl Stone Soup version 0.29-a0-1019-g84f7d21838 (webtiles) character file.

Game seed: 15113860304117861959

19373 drpainis the Unseen (level 12, -4/55 HPs)
             Began as a Spriggan Enchanter on Aug 10, 2022.
             Was a Priest of Dithmenos.
             Slain by a cane toad (15 damage)
             ... on level 2 of the Lair of Beasts on Aug 11, 2022.
             The game lasted 00:30:16 (15379 turns).

drpainis the Unseen (Spriggan Enchanter)           Turns: 15379, Time: 00:30:16

Health: -4/55      AC: 10    Str:  4    XL:     12   Next: 36%
Magic:  28/28      EV: 24    Int: 18    God:    Dithmenos [***...]
Gold:   658        SH:  0    Dex: 25    Spells: 17/34 levels left

rFire   . . .      SeeInvis +   k - +0 dagger (venom)
rCold   . . .      Faith    .   (no shield)
rNeg    . . .      Spirit   .   b - +0 robe
rPois   .          Reflect  .   r - +2 hat
rElec   .          Harm     .   d - +1 cloak
rCorr   .          Rampage  .   (gloves unavailable)
Will    ++...                   (boots unavailable) Stlth *+++++++++
                                g - amulet of regeneration
HPRegen 0.98/turn               v - +4 ring of protection
MPRegen 0.21/turn               G - +6 ring of dexterity

@: lethally poisoned (-4 -> -10), wreathed by umbra, very quick
A: very small, no large weapons, unfitting armour, see invisible, speed 3
a: Renounce Religion, Shadow Step


You were on level 2 of the Lair of Beasts.
You worshipped Dithmenos.
Dithmenos was most pleased with you.
You visited 3 branches of the dungeon, and saw 11 of its levels.
You also visited: Ossuary.

You collected 658 gold pieces.

Inventory:

Hand Weapons
 a - a +1 dagger
 k - a +0 dagger of venom (weapon)
 H - a +3 short sword
Armour
 b - a +0 robe (worn)
 d - a +1 cloak (worn)
 h - an orb of mayhem
 r - a +2 hat (worn)
 A - a scarf of invisibility
Magical Staves
 e - a staff of poison
Jewellery
 g - an amulet of regeneration (around neck)
 v - a +4 ring of protection (left hand)
 E - a ring of poison resistance
 G - a +6 ring of dexterity (right hand)
 K - a ring of willpower
 N - a +6 ring of intelligence
Wands
 s - a wand of roots (8)
Scrolls
 f - 3 scrolls of magic mapping
 i - a scroll of summoning {unknown}
 l - 4 scrolls of teleportation
 m - 2 scrolls of immolation
 x - a scroll of enchant weapon {unknown}
 y - a scroll of blinking {unknown}
 B - a scroll of fear {unknown}
 F - a scroll of amnesia {unknown}
 I - 2 scrolls of fog {unknown}
 J - a scroll of silence {unknown}
 L - a scroll of identify
Potions
 c - a potion of invisibility
 j - a potion of resistance {unknown}
 n - 6 potions of flight
 o - 3 potions of lignification
 p - 3 potions of degeneration
 t - 2 potions of brilliance {unknown}
 w - 4 potions of attraction {unknown}
 z - 2 potions of heal wounds {unknown}
 C - a potion of haste {unknown}
 D - 4 potions of curing {unknown}
 M - a potion of ambrosia {unknown}
Miscellaneous
 u - a tin of tremorstones (2/2)


   Skills:
 + Level 2.3 Fighting
 + Level 6.2 Short Blades
 + Level 7.1 Dodging
 + Level 19.1 Stealth
 + Level 11.5 Spellcasting
 + Level 1.1 Conjurations
 + Level 11.0 Hexes
 + Level 1.3 Translocations
 + Level 5.0 Ice Magic


You had 17 spell levels left.
You knew the following spells:

 Your Spells              Type           Power      Damage    Failure   Level
a - Ensorcelled Hibernat  Hex/Ice        78%        N/A       1%          2
b - Confusing Touch       Hex            50%        N/A       1%          3
c - Tukima's Dance        Hex            50%        N/A       1%          3
d - Dazzling Flash        Conj/Hex       64%        N/A       1%          3
e - Gell's Gravitas       Tloc           15%        N/A       12%         3
f - Teleport Other        Tloc           15%        N/A       12%         3

Your spell library contained the following spells:

 Spells                   Type           Power      Damage    Failure   Level
 Lesser Beckoning         Tloc           15%        N/A       12%         3


Dungeon Overview and Level Annotations

Branches:
Dungeon (8/15)             Temple (1/1) D:6            Lair (2/5) D:8
Ossuary (visited)
  Swamp: Lair:2-3    Shoals: Lair:2-3     Snake: Lair:2-3    Spider: Lair:2-3

Altars:
Ashenzari
Dithmenos
Elyvilon
Gozag
Makhleb
Nemelex Xobeh
Ru
Sif Muna
Trog
Uskayaw
Vehumet
Wu Jian
Xom
Yredelemnul

Shops:
D:4 *


Innate Abilities, Weirdness & Mutations

You are very small and have problems with some larger weapons.
You are too small for most types of armour.
You have supernaturally acute eyesight. (SInv)
You cover ground extremely quickly. (Speed+++)


Message History

The plant is lightly damaged.
You open the door. You hit the plant.
The plant is lightly damaged.
Casting: Ensorcelled Hibernation (safe; 1% risk of failure)
Confirm with . or Enter, or press ? or * to list all spells.
Aiming: Ensorcelled Hibernation (safe; 1% risk of failure)
Press: ? - help, Shift-Dir - straight line, f - cane toad
Aim: a cane toad (umbra, chance to affect: 66%)
The cane toad resists with significant effort.
The cane toad completely misses you.
You hit the cane toad but do no damage.
The cane toad is poisoned.
The cane toad stings you!
You hit the cane toad.
The cane toad is lightly wounded.
A nearby plant withers and dies.
The cane toad stings you but does no damage.
You closely miss the cane toad.
The cane toad is lightly wounded.
The cane toad stings you but does no damage.
You barely miss the cane toad.
The cane toad is lightly wounded.
You hit the cane toad.
The cane toad is moderately wounded.
The cane toad stings you!
You are poisoned.
The cane toad poisons you!
Casting: Ensorcelled Hibernation (safe; 1% risk of failure)
Confirm with . or Enter, or press ? or * to list all spells.
Aiming: Ensorcelled Hibernation (safe; 1% risk of failure)
Press: ? - help, Shift-Dir - straight line, f/p - cane toad
Aim: a cane toad (moderately wounded, very poisoned, umbra, chance to affect: 66%)
The cane toad resists with significant effort.
You feel very sick. The cane toad stings you!
* * * LOW HITPOINT WARNING * * *
It was a potion of magic.
Magic courses through your body.
You feel very sick. The cane toad stings you!
You die...

.###........# #####..# ##......
............###.##.#+#####.......
..##.......'..........#.P.'......
#...........#.+.......#..........
#..P........##........#..##......
#..........####.......#.###......
##.........# #.......'.P##......
####.......# #........###.......
# ##.....### #.@......# ###..#..
###.....## #.#.F..#.## ###.#.
#......## ###..##### #...
##.....(.# #P#+.#P##### ##.##
.+.......# ##..........#####....
.........# #P..............+....
.#.......# #...........#P......
##.......#####..............#....
#P.......'...'..........#.##.....


You could see a cane toad (very poisoned).

Vanquished Creatures
  3 hydras
  2 death yaks (Lair:2)
  A black mamba (Lair:2)
  Joseph (Lair:1)
  A torpor snail (Lair:2)
  A cane toad (Lair:2)
  2 rime drakes (Lair:1)
  8 komodo dragons
  2 polar bears (Lair:2)
  A troll (D:8)
  A hornet (D:8)
  2 dream sheep (D:8)
  5 blink frogs (Lair:1)
  4 wyverns
  29 yaks
  2 wraiths (Ossuary)
  2 basilisks
  Menkaure (D:5)
  9 water moccasins
  4 black bears
  3 ice beasts
  A sky beast (D:8)
  5 ogres
  A centaur (D:6)
  15 wolves (Lair:2)
  3 kobold brigands (D:8)
  4 bullfrogs
  2 necrophages
  3 scorpions
  2 wights (Ossuary)
  6 killer bees (D:8)
  3 hounds
  A jelly (D:6)
  2 gnoll boudas
  An orc priest (D:3)
  4 iguanas
  Terence (D:2)
  2 orc wizards
  10 gnolls
  6 adders
  A shadow imp (D:8)
  2 white imps
  An ufetubus (D:5)
  An adder zombie (Ossuary)
  7 worms
  4 dart slugs
  18 orcs
  5 bats
  5 endoplasms
  3 giant cockroaches
  5 goblins
  7 hobgoblins
  3 jackals (D:3)
  8 quokkas
  6 ball pythons
  3 ball python skeletons (Ossuary)
  4 frilled lizards
  A hobgoblin skeleton (Ossuary)
  A hobgoblin zombie (Ossuary)
  7 kobolds
  A kobold zombie (Ossuary)
  2 orc skeletons (Ossuary)
  An orc zombie (Ossuary)
  5 rats
257 creatures vanquished.

Vanquished Creatures (collateral kills)
  An ogre (D:4)
1 creature vanquished.

Vanquished Creatures (others)
  2 bushes (D:8)
  23 fungi
  46 plants
71 creatures vanquished.

Grand Total: 329 creatures vanquished

Notes
Turn   | Place    | Note
-------+----------+-------------------------------------------
     0 | D:1      | drpainis the Spriggan Enchanter began the quest for the
                  | Orb.
     0 | D:1      | Reached XP level 1. HP: 9/9 MP: 5/5
   359 | D:1      | Reached skill level 5 in Stealth
   468 | D:1      | Reached XP level 2. HP: 13/13 MP: 6/6
   476 | D:1      | Learned a level 2 spell: Ensorcelled Hibernation
  1234 | D:2      | Reached XP level 3. HP: 16/16 MP: 0/8
  1387 | D:2      | Reached skill level 6 in Stealth
  1397 | D:2      | Noticed Terence
  1982 | D:2      | Reached XP level 4. HP: 20/21 MP: 7/9
  2170 | D:2      | Killed Terence
  2524 | D:3      | Noticed a scorpion
  2860 | D:3      | Killed a scorpion
  2861 | D:3      | Reached XP level 5. HP: 25/25 MP: 4/11
  4233 | D:3      | Reached skill level 7 in Stealth
  4408 | D:3      | Reached skill level 1 in Ice Magic
  4468 | D:3      | Learned a level 3 spell: Confusing Touch
  4472 | D:3      | Learned a level 3 spell: Tukima's Dance
  5172 | D:4      | Reached XP level 6. HP: 20/29 MP: 13/13
  5218 | D:4      | Found Isorafoaz's General Store.
  5467 | D:4      | Reached skill level 8 in Stealth
  5467 | D:4      | Reached skill level 5 in Hexes
  5797 | D:5      | Entered Level 5 of the Dungeon
  5797 | D:5      | Noticed a water moccasin
  5962 | D:5      | Killed a water moccasin
  5963 | D:5      | Reached XP level 7. HP: 32/32 MP: 11/14
  5985 | D:5      | Reached skill level 9 in Stealth
  6282 | D:5      | Reached skill level 5 in Spellcasting
  6306 | D:5      | Reached skill level 1 in Fighting
  6554 | D:5      | Noticed Menkaure
  6633 | D:5      | Killed Menkaure
  6634 | D:5      | Reached skill level 10 in Stealth
  6634 | D:5      | Reached XP level 8. HP: 32/37 MP: 12/17
  7186 | D:6      | Found a staircase to the Ecumenical Temple.
  7200 | Temple   | Entered the Ecumenical Temple
  7229 | Temple   | Became a worshipper of Dithmenos the Shadowed
  7246 | D:6      | Found a sand-covered staircase.
  7251 | Ossuary  | Entered an ossuary
  7475 | Ossuary  | Noticed a flying skull
  7501 | Ossuary  | Reached skill level 11 in Stealth
  7555 | Ossuary  | Noticed a flying skull
  7582 | Ossuary  | Noticed a flying skull
  7815 | D:6      | Reached skill level 12 in Stealth
  7815 | D:6      | Reached XP level 9. HP: 41/41 MP: 19/19
  8601 | D:6      | Found a broken altar of Ashenzari.
  9191 | D:7      | Learned a level 3 spell: Dazzling Flash
  9195 | D:7      | Learned a level 3 spell: Gell's Gravitas
  9199 | D:7      | Learned a level 3 spell: Teleport Other
  9392 | D:7      | Reached skill level 5 in Short Blades
  9604 | D:7      | Reached * piety under Dithmenos
  9933 | D:7      | Found a bloodstained altar of Trog.
 10307 | D:7      | Reached skill level 13 in Stealth
 10925 | D:8      | Noticed a troll
 10949 | D:8      | Reached skill level 5 in Dodging
 10949 | D:8      | Reached skill level 1 in Translocations
 11068 | D:8      | Killed a troll
 11069 | D:8      | Reached XP level 10. HP: 30/46 MP: 1/22
 11392 | D:8      | Reached skill level 14 in Stealth
 11627 | D:8      | Found a staircase to the Lair.
 11781 | D:8      | Reached skill level 15 in Stealth
 11924 | D:8      | Noticed a two-headed hydra
 11955 | D:8      | Reached ** piety under Dithmenos
 12202 | D:8      | Killed a two-headed hydra
 12616 | Lair:1   | Entered Level 1 of the Lair of Beasts
 12627 | Lair:1   | Reached XP level 11. HP: 26/50 MP: 25/25
 12632 | Lair:1   | Reached skill level 16 in Stealth
 13035 | Lair:1   | Reached skill level 10 in Spellcasting
 13169 | Lair:1   | Reached skill level 17 in Stealth
 13628 | Lair:1   | Noticed Joseph
 13636 | Lair:1   | Killed Joseph
 14000 | Lair:2   | Noticed a seven-headed hydra
 14007 | Lair:2   | Killed a seven-headed hydra
 14008 | Lair:2   | Reached skill level 10 in Hexes
 14143 | Lair:2   | Noticed a death yak
 14144 | Lair:2   | Noticed a death yak
 14192 | Lair:2   | Killed a death yak
 14242 | Lair:2   | Reached skill level 18 in Stealth
 14483 | Lair:2   | Noticed a five-headed hydra
 14489 | Lair:2   | Killed a five-headed hydra
 14502 | Lair:2   | Reached XP level 12. HP: 54/54 MP: 27/27
 14864 | Lair:2   | Reached *** piety under Dithmenos
 14870 | Lair:2   | Reached skill level 19 in Stealth
 15161 | Lair:2   | Reached skill level 1 in Conjurations
 15199 | Lair:2   | Killed a death yak
 15200 | Lair:2   | Reached skill level 5 in Ice Magic
 15379 | Lair:2   | Slain by a cane toad

Illustrated notes

Levels and vault maps discovered:
D:1:      dpeg_arrival_central, layout_basic
D:2:      layout_rooms, uniq_terence
D:3:      minmay_octagon_keep, layout_loops_corners
D:4:      layout_cave_pools, serial_shops, nicolae_lakefront_shop
D:5:      layout_cave_pools, uniq_menkaure
D:6:      layout_loops_ring, ashenzari_altar_1, minmay_temple_entry_trees,
          lightli_ossuary_entry_decrepit_ruins, minmay_quadrilaterals
D:7:      layout_layer_cave, kennysheep_little_box
D:8:      layout_basic, nicolae_overflow_hidden_temple, minmay_lair_entry_grove,
          kennysheep_another_room, hangedman_ranch
Temple:   nicolae_temple_two_arcs
Lair:1:   layout_roguey, uniq_joseph
Lair:2:   layout_roguey, beast_lair_carwin_10, grunt_megastairs_5

Skill      XL: |  1  2  3  4  5  6  7  8  9 10 11 12 |
---------------+-------------------------------------+-----
Stealth        | 5 6 7 8 10 12 13 15 18 19 | 19.1
Dodging        | 3 4 5 6 7 |  7.1
Spellcasting   | 3 4 5 6 7 9 10 11 | 11.5
Hexes          | 4 5 6 7 9 10 11 | 11.0
Ice Magic      | 1 2 3 4 5 |  5.0
Short Blades   | 2 3 4 5 6 |  6.2
Fighting       | 1 2 |  2.3
Translocations | 1 |  1.3
Conjurations   | 1 |  1.1

Action                   |  1- 3 |  4- 6 |  7- 9 | 10-12 || total
-------------------------+-------+-------+-------+-------++-------
Melee: Dagger            |    73 |   111 |   254 |   375 ||   813
       Punch             |       |       |       |     7 ||     7
 Cast: Ensorcelled Hiber |    19 |    48 |    48 |    81 ||   196
       Tukima's Dance    |       |     1 |     2 |       ||     3
       Confusing Touch   |       |       |    18 |    23 ||    41
       Dazzling Flash    |       |       |     5 |     8 ||    13
       Gell's Gravitas   |       |       |     2 |     1 ||     3
  Use: Scroll            |       |       |     8 |     1 ||     9
       Potion            |       |       |       |     2 ||     2
 Stab: Sleeping          |    26 |    32 |    49 |    53 ||   160
       Confused          |       |       |    14 |    14 ||    28
       Invisible         |       |       |     1 |    10 ||    11
       Distracted        |       |       |       |     1 ||     1
Armor: Robe              |     9 |    13 |    19 |    36 ||    77
Dodge: Dodged            |    42 |    79 |   208 |   284 ||   613

Table legend: (Time is in decaauts)
 A = Elapsed time spent in this place.
 B = Non-inter-level travel time spent in this place.
 C = Inter-level travel time spent in this place.
 D = Time resting spent in this place.
 E = Time spent auto-exploring this place.
 F = Levels seen in this place.
 G = Mean time per level.
                   A        B        C        D        E       F      G
               +--------+--------+--------+--------+--------+-----+--------+
         Total |  12110 |  12079 |     31 |   5444 |   3851 |  12 | 1009.2 |
       Dungeon |   9538 |   9507 |     31 |   4613 |   3059 |   8 | 1192.2 |
        Temple |     23 |     23 |      0 |      0 |      0 |   1 |   23.0 |
          Lair |   2111 |   2111 |      0 |    610 |    763 |   2 | 1055.5 |
       Ossuary |    436 |    436 |      0 |    221 |     28 |   1 |  436.0 |
               +--------+--------+--------+--------+--------+-----+--------+

Top non-repeatable levels by time:
     D:3: 2347 daAuts
     D:8: 1597 daAuts
     D:7: 1431 daAuts
     D:2: 1136 daAuts
  Lair:2: 1074 daAuts
  Lair:1: 1037 daAuts
     D:6: 927 daAuts
     D:5: 781 daAuts
     D:1: 683 daAuts
     D:4: 633 daAuts
 Ossuary: 436 daAuts
  Temple: 23 daAuts
